 Dungeon Crawl Stone Soup version 0.27.1-4-g1640c2035a (webtiles) character file.

Game seed: 17824821380096445021

257383 Stomo444 the Warrior (level 20, -5/112 (117) HPs)
             Began as a Vine Stalker Fighter on Nov 16, 2021.
             Was the Champion of Ru.
             Slain by a titan simulacrum (30 damage)
             ... on level 4 of the Depths on Nov 17, 2021.
             The game lasted 03:01:20 (33122 turns).

Stomo444 the Warrior (Vine Stalker Fighter)        Turns: 33122, Time: 03:01:21

HP:   -5/112 (117)  AC: 19    Str: 32    XL:     20   Next: 61%
MP:   0/44          EV: 23    Int:  2    God:    Ru [******]
Gold: 4779          SH:  0    Dex: 28    Spells: 30/39 levels left

rFire    + . .     SeeInvis +   n - +5 eveningstar of Drought {freeze, *Rage MP+9 Str+3 SInv}
rCold    . . .     Faith    .   (shield unavailable)
rNeg     + + .     Spirit   +   v - +1 scale mail of the Robin {rN+ Regen+ Dex+4 Stlth-}
rPois    .         Reflect  .   L - +2 hat
rElec    .         Harm     .   p - +0 cloak
rCorr    .         Rampage  .   S - +0 pair of gloves
Will     ++...     Rnd*Rage +   E - +1 pair of boots of Pleasant Breezes {rN+ Dex+4 Stlth-}
Stlth    ..........             k - amulet "Socly Waemo" {RegenMP Str+3 Int-4 Dex+4}
HPRegen  2.28/turn              (ring unavailable)
MPRegen  0.54/turn              z - ring of protection from fire

@: exhausted, unable to drink, on berserk cooldown, lightly drained
A: no potions, fangs 3, dopey 1, regeneration 1, magic shield, antimagic bite,
no potion heal 2, inability to drink while threatened, missing a hand, no
stealth, no air magic, no necromancy magic, no transmutations magic
a: Renounce Religion, Draw Out Power, Power Leap, Apocalypse


You were on level 4 of the Depths.
You worshipped Ru.
Ru was exalted by your worship.
You visited 7 branches of the dungeon, and saw 32 of its levels.
You visited the Abyss 1 time.
You also visited: Sewer and Ice Cave.

You collected 4779 gold pieces.

Inventory:

Hand Weapons
 n - the +5 eveningstar of Drought (weapon) {freeze, *Rage MP+9 Str+3 SInv}
   (You acquired it on level 2 of the Lair of Beasts)

   It freezes those it strikes, dealing additional cold damage.
   It can also slow down cold-blooded creatures.
   Str:       It affects your strength (+3).
   MP:        It affects your magic capacity (+9).
   SInv:      It lets you see invisible.
   *Rage:     It may make you go berserk in combat.
 Z - a +5 demon whip of draining
Missiles
 N - 4 silver boomerangs
 V - a throwing net
Armour
 p - a +0 cloak (worn)
 v - the +1 scale mail of the Robin (worn) {rN+ Regen+ Dex+4 Stlth-}
   (You found it on level 5 of the Lair of Beasts)

   Dex:       It affects your dexterity (+4).
   rN:        It protects you from negative energy.
   Regen:     It increases your rate of health regeneration.
   Stlth:     It makes you less stealthy.
 E - the +1 pair of boots of Pleasant Breezes (worn) {rN+ Dex+4 Stlth-}
   (You found it on level 3 of the Elven Halls)

   Dex:       It affects your dexterity (+4).
   rN:        It protects you from negative energy.
   Stlth:     It makes you less stealthy.
 J - a scarf of invisibility
 K - a scarf of resistance
 L - a +2 hat (worn)
 R - a +2 pair of boots
 S - a +0 pair of gloves (worn)
Jewellery
 a - the ring "Gaixusaw" {rCorr EV+4}
   (You took it off a deep elf master archer on level 3 of the Elven Halls)

   [ring of evasion]

   EV:        It affects your evasion (+4).
   rCorr:     It protects you from acid and corrosion.
 b - the ring of Binuh {rC+ Will+}
   (You took it off a deep elf sorcerer on level 3 of the Elven Halls)

   [ring of willpower]

   rC:        It protects you from cold.
   Will:      It increases your willpower.
 c - an amulet of reflection
 e - an amulet of regeneration
 i - a +6 ring of dexterity
 k - the amulet "Socly Waemo" (around neck) {RegenMP Str+3 Int-4 Dex+4}
   (You acquired it on level 7 of the Dungeon)

   [amulet of magic regeneration]

   It increases your rate of magic regeneration.
   Str:       It affects your strength (+3).
   Int:       It affects your intelligence (-4).
   Dex:       It affects your dexterity (+4).
 l - the ring "Petsy" {EV+4 Slay+5}
   (You took it off a deep elf death mage on level 3 of the Elven Halls)

   [ring of evasion]

   EV:        It affects your evasion (+4).
   Slay:      It affects your accuracy & damage with ranged weapons and melee
   (+5).
 t - the ring of Foolhardiness {rPois rC+ Dex+6}
   (You took it off a deep elf death mage on level 3 of the Elven Halls)

   [ring of dexterity]

   Dex:       It affects your dexterity (+6).
   rC:        It protects you from cold.
   rPois:     It protects you from poison.
 z - a ring of protection from fire (right hand)
 C - a +6 ring of strength
 O - a ring of poison resistance
 T - a +4 ring of slaying
 U - an amulet of magic regeneration
 X - a +6 ring of intelligence
Wands
 j - a wand of paralysis (53) (quivered)
 u - a wand of digging (5)
 y - a wand of flame (46)
 A - a wand of acid (17)
Scrolls
 f - 3 scrolls of torment
 h - 13 scrolls of identify
 q - 3 scrolls of holy word
 r - 4 scrolls of magic mapping
 w - 11 scrolls of teleportation
 I - 3 scrolls of silence
 M - 5 scrolls of amnesia
 P - a scroll of summoning
 Q - a scroll of blinking
 W - 9 scrolls of enchant armour
 Y - a scroll of fear
Potions
 d - 8 potions of might
 g - 8 potions of curing
 m - 3 potions of berserk rage
 o - 2 potions of magic
 s - 5 potions of brilliance
 x - 8 potions of flight
 B - 3 potions of ambrosia
 F - a potion of haste
 G - 3 potions of attraction
 H - 3 potions of lignification
Miscellaneous
 D - a phial of floods


   Skills:
 + Level 17.2 Fighting
 + Level 15.4 Maces & Flails
 + Level 14.9 Armour
 + Level 13.2 Dodging
 - Level 10.0 Spellcasting
 - Level 0.4 Hexes
 - Level 4.5 Evocations


You had 30 spell levels left.
You knew the following spells:

 Your Spells              Type           Power      Damage    Failure   Level
a - Wereblood             Tmut           1%         N/A       50%         2
b - Corona                Hex            1%         N/A       32%         1
c - Invisibility          Hex            0%         N/A       100%        6

Your spell library contained the following spells:

 Spells                   Type           Power      Damage    Failure   Level
 Apportation              Tloc           2%         N/A       36%         1
 Freeze                   Ice            4%         1d3       36%         1
 Sandblast                Erth           2%         2d4       36%         1
 Summon Small Mammal      Summ           4%         N/A       36%         1
 Ensorcelled Hibernation  Hex/Ice        2%         N/A       47%         2
 Tukima's Dance           Hex            1%         N/A       67%         3
 Dazzling Flash           Conj/Hex       2%         N/A       71%         3
 Portal Projectile        Hex/Tloc       2%         N/A       71%         3
 Call Canine Familiar     Summ           1%         N/A       75%         3
 Frozen Ramparts          Ice            2%         1d2       75%         3
 Ozocubu's Armour         Ice            1%         N/A       75%         3
 Cause Fear               Hex            0%         N/A       97%         4
 Animate Armour           Summ/Erth      2%         N/A       98%         4
 Leda's Liquefaction      Hex/Erth       0%         N/A       98%         4
 Olgreb's Toxic Radiance  Pois           1%         N/A       98%         4
 Passage of Golubria      Tloc           N/A        N/A       98%         4
 Summon Ice Beast         Ice/Summ       1%         N/A       98%         4
 Bolt of Magma            Conj/Fire/Erth 0%         4d4       100%        5
 Lee's Rapid Deconstruct  Erth           0%         3d5*      100%        5
 Metabolic Englaciation   Hex/Ice        0%         N/A       100%        5
 Shadow Creatures         Summ           N/A        N/A       100%        6
 Summon Hydra             Summ           0%         N/A       100%        7
 Discord                  Hex            0%         N/A       100%        8
 Disjunction              Tloc           0%         N/A       100%        8
 Lehudib's Crystal Spear  Conj/Erth      0%         10d2      100%        8
 Polar Vortex             Ice            0%         N/A       100%        9
 Animate Skeleton         Necr           Unusable   N/A       N/A         1
 Sting                    Tmut/Pois      Unusable   1d3       N/A         1
 Poisonous Vapours        Pois/Air       Unusable   N/A       N/A         2
 Sublimation of Blood     Necr           Unusable   N/A       N/A         2
 Spider Form              Tmut/Pois      Unusable   N/A       N/A         3
 Dispel Undead            Necr           Unusable   3d6       N/A         4
 Ice Form                 Ice/Tmut       Unusable   N/A       N/A         4
 Petrify                  Tmut/Erth      Unusable   N/A       N/A         4
 Agony                    Necr           Unusable   N/A       N/A         5
 Alistair's Intoxication  Tmut/Pois      Unusable   N/A       N/A         5
 Freezing Cloud           Conj/Ice/Air   Unusable   6-21      N/A         5
 Silence                  Hex/Air        Unusable   N/A       N/A         5
 Yara's Violent Unravell  Hex/Tmut       Unusable   3d3       N/A         5
 Conjure Ball Lightning   Conj/Air       Unusable   3x3d6     N/A         6
 Statue Form              Tmut/Erth      Unusable   N/A       N/A         6
 Borgnjor's Revivificati  Necr           Unusable   N/A       N/A         8

Dungeon Overview and Level Annotations

Branches:
Dungeon (15/15)            Temple (1/1) D:7            Lair (6/6) D:9
 Shoals (0/4) Lair:4       Spider (0/4) Lair:4          Orc (2/2) D:9
    Elf (3/3) Orc:2        Vaults (0/5) D:14         Depths (3/5) D:15
   Hell (visited)           Sewer (visited)           IceCv (visited)
  Slime: Lair:5-6       Dis: Hell:1         Geh: Hell:1         Coc: Hell:1
    Tar: Hell:1

Altars:
Ashenzari
Cheibriados
Dithmenos
Fedhas
Gozag
Hepliaklqana
Kikubaaqudgha
Makhleb
Nemelex Xobeh
Okawaru
Qazlal
Ru
Sif Muna
Trog
Vehumet
Wu Jian
Xom
Yredelemnul
Zin
The Shining One
Beogh
Jiyva

Shops:
D:7 ?   D:8 [   Orc:1 =   Orc:2 (:[[   Elf:1 [

Portals:
Hell: Depths:1 Depths:2
Abyss: Depths:2
Pandemonium: Depths:2
Trove: D:10 (give +4 shadow dragon scales)

Annotations:
Lair:5 exclusion: 2 oklob plants
Depths:3 3 runed translucent doors, Amikeex's ghost, adept TrMo
Hell Geryon


Innate Abilities, Weirdness & Mutations

You cannot drink.
You have razor-sharp teeth.
You are dopey. (Int -2)
Your natural rate of healing is unusually fast.
When hurt, damage is shared between your health and your magic reserves.
Your bite disrupts and absorbs the magic of your enemies.
Potions cannot restore your health.
You sometimes lose the ability to drink potions when taking damage.
You are missing a hand.
You cannot be stealthy.
You cannot study or cast Air magic.
You cannot study or cast Necromancy magic.
You cannot study or cast Transmutations magic.


Message History

The spectral iron dragon tramples itself but does no damage.
The spectral frost giant hits you.
* * * LOW HITPOINT WARNING * * *
You partially resist.
You impale the spectral iron dragon!! You freeze the spectral iron dragon.
You destroy the spectral iron dragon!
The spectral frost giant misses you.
Unknown command.
You hit the titan simulacrum. You bite the titan simulacrum!
You drain its power.
You feel invigorated.
The titan simulacrum is moderately damaged.
The spectral frost giant hits you.
* * * LOW HITPOINT WARNING * * *
Unknown command.
You hit the titan simulacrum. You bite the titan simulacrum!!
You drain its power.
You feel invigorated.
The titan simulacrum is almost destroyed.
The spectral frost giant hits you but does no damage.
The titan simulacrum hits you. The titan simulacrum freezes you!!
* * * LOW HITPOINT WARNING * * *
The spectral frost giant hits you but does no damage.
You are restored by drawing out deep reserves of power within.
You feel drained.
The titan simulacrum splashes around in the water.
The spectral frost giant is stunned by your conviction and fails to attack.
The titan simulacrum hits you! The titan simulacrum freezes you!!!
* * * LOW HITPOINT WARNING * * *
Unknown command.
You bludgeon the spectral frost giant!! You freeze the spectral frost giant.
You bite the spectral frost giant! You drain its power.
You feel invigorated.
The spectral frost giant is heavily damaged.
The spectral frost giant misses you.
Unknown command.
You hit the titan simulacrum but do no damage.
You bite the titan simulacrum, but do no damage.
The titan simulacrum is almost destroyed.
The titan simulacrum hits you!
* * * LOW HITPOINT WARNING * * *
The titan simulacrum freezes you!!!
You die...

#..Z##.≈≈≈. +.ZZZ...Z≈≈
#.ZZ##..≈≈≈ #.. #....≈≈
#####....≈≈ #...)....≈≈
#)...)..≈≈≈
#########.......≈≈≈
#.@Z.......)....≈≈≈
≈≈≈≈≈≈≈≈Z≈.[........≈≈≈#
≈≈≈≈≈≈≈≈≈≈≈≈≈≈..≈≈≈≈≈≈##
#≈≈≈≈≈≈≈≈≈≈≈≈≈≈≈≈≈≈≈≈≈#
###≈≈≈≈≈≈≈≈≈≈≈≈≈≈≈≈≈≈≈#
###≈≈≈≈≈≈≈≈≈≈≈≈≈≈≈≈≈≈#
##≈≈≈≈≈≈≈≈≈≈≈≈≈≈≈≈≈≈
###≈≈≈≈≈≈≈≈##≈≈≈≈≈


You could see a spectral frost giant and a titan simulacrum.

Vanquished Creatures
  A juggernaut (Depths:4)
  2 golden dragons (Depths:3)
  2 liches
  2 deep elf blademasters (Elf:3)
  2 deep elf master archers (Elf:3)
  3 tentacled starspawn (Abyss:2)
  Agnes (D:15)
  A tengu reaver (Depths:3)
  Roxanne (D:14)
  5 frost giants
  A spectral juggernaut (Depths:4)
  3 deep elf sorcerers (Elf:3)
  2 fire giants (Depths:2)
  2 orc warlords (Orc:1)
  A balrug (Depths:2)
  7 deep elf elementalists (Elf:3)
  A spriggan defender (Depths:3)
  6 stone giants
  2 vampire knights
  7 very ugly things
  6 deep elf demonologists
  7 spark wasps
  7 deep elf annihilators
  A jiangshi (Depths:3)
  6 deep elf death magi
  An eidolon (Depths:4)
  6 fire dragons
  5 deep elf high priests (Elf:3)
  A great orb of eyes (shapeshifter) (Depths:3)
  A yaktaur captain (D:15)
  Erolcha (D:9)
  7 great orbs of eyes
  A spectral golden dragon (Depths:4)
  3 rakshasas
  A vault guard (D:14)
  8 ice dragons
  9 hydras
  Fannar (Lair:2)
  A spectral shadow dragon (Depths:4)
  A boulder beetle (D:14)
  6 two-headed ogres
  8 death yaks
  2 centaur warriors
  23 dancing weapons
  5 deep troll shamans
  2 vampire magi
  7 deep troll earth magi
  6 orc high priests
  3 tengu warriors
  4 hell hogs (Depths:2)
  Urug (Orc:1)
  3 spriggan berserkers
  A spectral spriggan (Depths:4)
  2 sun demons (Depths:1)
  2 thrashing horrors (Abyss:2)
  4 soul eaters (Depths:2)
  2 spriggans (Depths:4)
  22 deep elf knights
  7 hell knights
  A wretched star (Abyss:2)
  3 iron trolls (Depths:1)
  A salamander mystic (Depths:2)
  A sixfirhy (Abyss:2)
  2 flayed ghosts (Depths:1)
  A fire crab (Lair:6)
  21 deep trolls
  A golden dragon skeleton (Depths:3)
  3 glowing orange brains
  A spectral iron dragon (Depths:4)
  6 orc knights
  6 necromancers
  A lindwurm (Lair:5)
  2 wizards (D:14)
  24 deep elf pyromancers
  29 deep elf zephyrmancers
  15 deep elf archers
  A harpy (shapeshifter) (D:13)
  4 manticores
  A frost giant zombie (Depths:2)
  41 ugly things
  4 salamanders (Depths:2)
  An orb spider (Lair:4)
  6 orc sorcerers
  4 cyclopes
  3 oklob plants (Lair:3)
  A large abomination (Abyss:2)
  A worldbinder (Abyss:2)
  A merfolk siren (Lair:4)
  12 black mambas
  A rust devil (Abyss:2)
  2 orange demons (Abyss:2)
  2 molten gargoyles (Lair:6)
  A torpor snail (Lair:3)
  An ice statue (IceCv)
  10 cane toads
  3 smoke demons
  2 gargoyles
  A rime drake (shapeshifter) (D:13)
  5 rime drakes
  An efreet (D:14)
  12 ice devils (IceCv)
  9 komodo dragons
  4 yaktaurs (D:15)
  3 kobold demonologists
  5 freezing wraiths
  A spriggan skeleton (Depths:2)
  2 anaconda simulacra (IceCv)
  2 ancient zymes (Abyss:2)
  6 tengu conjurers
  A spectral glowing shapeshifter (Depths:4)
  2 entropy weaver simulacra (IceCv)
  7 trolls
  A troll (shapeshifter) (D:13)
  Grinder (D:5)
  3 hornets
  6 slime creatures (D:11)
  4 polar bears
  An elf zombie (Depths:3)
  4 raiju (Abyss:2)
  8 blink frogs (Lair:5)
  4 dream sheep (Lair:6)
  6 starcursed masses (Abyss:2)
  3 air elementals
  2 shadows
  2 ynoxinuls (Abyss:2)
  4 water elementals
  2 wraiths
  A dire elephant simulacrum (IceCv)
  A fire elemental (Elf:3)
  17 humans (D:14)
  6 wyverns
  3 basilisks
  30 yaks
  4 death yak simulacra (IceCv)
  A chaos spawn (Abyss:2)
  An elf skeleton (Depths:3)
  A neqoxec (Abyss:2)
  A redback simulacrum (D:14)
  A two-headed ogre zombie (D:9)
  10 vampire mosquitoes
  2 harpy simulacra (IceCv)
  An acid dragon (D:10)
  6 wargs
  4 small abominations (Abyss:2)
  8 water moccasins
  3 hell hounds (Lair:6)
  A human zombie (Depths:2)
  A floating eye (Lair:3)
  4 sky beasts
  31 orc warriors
  2 black bears
  An ice beast (D:6)
  A necrophage (D:6)
  11 ogres
  2 phantoms (D:9)
  9 centaurs
  11 bullfrogs
  5 kobold brigands
  5 gnoll sergeants
  2 two-headed ogre simulacra (IceCv)
  2 earth elementals
  3 cane toad simulacra (IceCv)
  2 scorpions (D:9)
  3 troll zombies (D:9)
  3 elephant simulacra (IceCv)
  8 killer bees (D:9)
  A wight (D:10)
  4 howler monkeys
  5 lava snakes (Lair:6)
  6 centaur zombies
  2 gnoll shamans
  19 orc priests
  A centaur skeleton (D:4)
  3 hounds
  A bullfrog skeleton (D:5)
  Ijyb (D:3)
  3 iguanas
  25 orc wizards
  4 polar bear simulacra (IceCv)
  Terence (D:3)
  A troll simulacrum (IceCv)
  2 spriggan simulacra (IceCv)
  6 wolf simulacra (IceCv)
  A killer bee zombie (D:8)
  4 ogre zombies (D:9)
  A hound zombie (D:5)
  A howler monkey zombie (D:9)
  30 gnolls
  10 adders
  A howler monkey skeleton (D:5)
  A shadow imp (D:6)
  3 white imps
  2 ufetubi (D:6)
  7 worms
  4 dart slugs
  60 orcs
  5 ball pythons
  14 bats
  11 endoplasms
  11 giant cockroaches
  6 goblins
  5 hobgoblins
  4 jackals (Sewer)
  22 kobolds
  4 quokkas
  8 frilled lizards
  A goblin skeleton (D:9)
  6 goblin zombies (D:9)
  2 hobgoblin skeletons (D:9)
  2 hobgoblin zombies (D:9)
  4 orc skeletons (D:9)
  10 orc zombies (D:9)
  5 rats
  A butterfly (D:5)
1107 creatures vanquished.

Vanquished Creatures (others)
  A deep elf demonologist (Elf:3)
  A jiangshi (Depths:3)
  A deep elf high priest (Elf:3)
  A hydra (Lair:6)
  A two-headed ogre (D:12)
  A death yak (Lair:6)
  2 deep elf knights
  An ugly thing (D:15)
  An entropy weaver simulacrum (IceCv)
  A large abomination (Abyss:2)
  A yak (Lair:3)
  A vampire (D:13)
  A human (D:14)
  A black bear (Lair:3)
  An orc warrior (Orc:2)
  An orc wizard (Orc:2)
  2 orcs (Orc:2)
  17 fungi
  70 plants
  6 starspawn tentacles (Abyss:2)
  2 withered plants (Depths:2)
114 creatures vanquished.

Grand Total: 1221 creatures vanquished

Notes
Turn   | Place    | Note
-------+----------+-------------------------------------------
     0 | D:1      | Stomo444 the Vine Stalker Fighter began the quest for the
                  | Orb.
     0 | D:1      | Reached XP level 1. HP: 11/11 MP: 2/2
   307 | D:1      | Reached XP level 2. HP: 16/16 MP: 3/3
   650 | D:1      | Reached skill level 3 in Fighting
   657 | D:1      | Found a faded altar of an unknown god.
   742 | D:1      | Reached XP level 3. HP: 14/20 MP: 4/4
  1394 | D:2      | Gained mutation: Your natural rate of healing is unusually
                  | fast. [Vine Stalker growth]
  1394 | D:2      | Reached XP level 4. HP: 24/24 MP: 5/5
  1910 | D:3      | Found a hazy altar of Hepliaklqana.
  1980 | D:3      | Noticed Terence
  1990 | D:3      | Killed Terence
  1991 | D:3      | Reached XP level 5. HP: 25/28 MP: 4/6
  2161 | D:3      | Found a radiant altar of Vehumet.
  2162 | D:3      | Noticed Ijyb
  2168 | D:3      | Killed Ijyb
  2316 | D:3      | Found a glowing drain.
  2351 | Sewer    | Entered a sewer
  2826 | Sewer    | Reached XP level 6. HP: 28/32 MP: 7/7
  3727 | D:4      | Reached skill level 4 in Fighting
  3751 | D:4      | Reached XP level 7. HP: 33/37 MP: 6/8
  4211 | D:5      | Entered Level 5 of the Dungeon
  4286 | D:5      | Found a burning altar of Makhleb.
  4375 | D:5      | Found a glowing golden altar of the Shining One.
  4395 | D:5      | Found a shimmering altar of Xom.
  4413 | D:5      | Noticed Grinder
  4427 | D:5      | Killed Grinder
  4428 | D:5      | Reached skill level 5 in Maces & Flails
  4428 | D:5      | Gained mutation: You have razor-sharp teeth. [Vine Stalker
                  | growth]
  4428 | D:5      | Reached XP level 8. HP: 33/42 MP: 7/9
  4522 | D:5      | You fall into a shaft and drop 2 floors!
  4551 | D:7      | Found a staircase to the Ecumenical Temple.
  4553 | D:7      | Noticed a wyvern
  4561 | D:7      | Killed a wyvern
  4562 | D:7      | Reached skill level 5 in Shields
  4569 | Temple   | Entered the Ecumenical Temple
  4677 | Temple   | Became a worshipper of Ru the Awakened
  4724 | D:6      | Found a broken altar of Ashenzari.
  4728 | D:6      | Reached skill level 5 in Fighting
  4904 | D:6      | Reached XP level 9. HP: 47/47 MP: 10/10
  4934 | D:6      | Found an iron altar of Okawaru.
  4979 | D:5      | Reached skill level 5 in Armour
  5104 | D:5      | Found a blossoming altar of Fedhas.
  5762 | D:7      | Found Hemegg's Magic Scroll Shoppe.
  5779 | D:7      | Identified 2 scrolls of acquirement
  5779 | D:7      | Acquired a manual of Armour
  5812 | D:7      | Paralysed by a gnoll for 7 turns
  5942 | D:7      | Acquired the amulet "Socly Waemo" {RegenMP Str+3 Int-4
                  | Dex+4}
  5999 | D:7      | Gained mutation: You sometimes lose the ability to drink
                  | potions when taking damage. [Ru sacrifice]
  5999 | D:7      | Reached * piety under Ru
  6084 | D:7      | Noticed a white ugly thing
  6147 | D:7      | Killed a white ugly thing
  6148 | D:7      | Reached skill level 6 in Fighting
  6843 | D:8      | Reached XP level 10. HP: 53/53 MP: 11/11
  7040 | D:8      | Found a bloodstained altar of Trog.
  7137 | D:8      | Found Deiss's Armour Emporium.
  7328 | D:9      | Noticed a kobold demonologist
  7342 | D:9      | Killed a kobold demonologist
  7616 | D:9      | Found a staircase to the Orcish Mines.
  7667 | D:9      | Noticed Erolcha
  7680 | D:9      | Killed Erolcha
  7681 | D:9      | Reached skill level 7 in Fighting
  7727 | D:9      | Found a shadowy altar of Dithmenos.
  7728 | D:9      | Found a shimmering blue altar of Sif Muna.
  7729 | D:9      | Found a basalt altar of Yredelemnul.
  8001 | D:9      | Found a staircase to the Lair.
  8450 | Lair:1   | Entered Level 1 of the Lair of Beasts
  8504 | D:9      | Reached XP level 11. HP: 45/58 MP: 10/12
  8511 | D:9      | Gained mutation: You are missing a hand. [Ru sacrifice]
  8511 | D:9      | Reached ** piety under Ru
  8511 | D:9      | Reached *** piety under Ru
  8511 | D:9      | Reached **** piety under Ru
  8780 | Lair:1   | You fall into a shaft and drop 1 floor!
  9101 | Lair:2   | Reached skill level 1 in Dodging
  9225 | Lair:2   | Noticed a lindwurm
  9225 | Lair:2   | Noticed a lindwurm
  9240 | Lair:2   | Noticed Fannar
  9342 | Lair:2   | Killed Fannar
  9497 | Lair:2   | Noticed a lindwurm
  9499 | Lair:2   | Noticed a lindwurm
  9702 | Lair:3   | Reached skill level 5 in Dodging
  9930 | Lair:3   | Noticed an oklob plant
  9935 | Lair:3   | Noticed an oklob plant
  9970 | Lair:3   | Noticed an oklob plant
 10168 | Lair:3   | Noticed an eight-headed hydra
 10177 | Lair:3   | Killed an eight-headed hydra
 10685 | Lair:3   | Paralysed by a floating eye for 4 turns
 10715 | Lair:3   | Paralysed by a floating eye for 4 turns
 10721 | Lair:3   | Paralysed by a floating eye for 2 turns
 10727 | Lair:3   | Killed an oklob plant
 10728 | Lair:3   | Reached skill level 10 in Maces & Flails
 10732 | Lair:3   | Paralysed by a floating eye for 2 turns
 10737 | Lair:3   | Paralysed by a floating eye for 4 turns
 10882 | Lair:3   | Killed an oklob plant
 10902 | Lair:3   | Killed an oklob plant
 10903 | Lair:3   | Reached XP level 12. HP: 58/64 MP: 13/13
 10951 | Lair:3   | Reached skill level 8 in Fighting
 11019 | Lair:4   | Noticed an eight-headed hydra
 11043 | Lair:3   | Acquired a +2 hat
 11073 | Lair:2   | Acquired a manual of Fighting
 11077 | Lair:2   | Acquired the +5 eveningstar of Drought {freeze, *Rage MP+9
                  | Str+3 SInv}
 11088 | Lair:3   | Killed an eight-headed hydra
 11166 | Lair:4   | Learned a level 2 spell: Wereblood
 11229 | Lair:4   | Reached skill level 1 in Spellcasting
 11229 | Lair:4   | Reached skill level 1 in Transmutations
 11231 | Lair:4   | Noticed a seven-headed hydra
 11237 | Lair:4   | Killed a seven-headed hydra
 11280 | Lair:3   | Gained mutation: You cannot study or cast Air magic. [Ru
                  | sacrifice]
 11280 | Lair:3   | Gained mutation: You cannot study or cast Transmutations
                  | magic. [Ru sacrifice]
 11280 | Lair:3   | Gained mutation: You cannot study or cast Necromancy magic.
                  | [Ru sacrifice]
 11280 | Lair:3   | Reached ***** piety under Ru
 11308 | Lair:4   | Found a staircase to the Shoals.
 11415 | Lair:4   | Got the Volume of Icy Enchantment
 11464 | Lair:3   | Reached skill level 9 in Fighting
 11531 | Lair:4   | Found a hole to the Spider Nest.
 11742 | Lair:5   | Reached skill level 10 in Armour
 11922 | Lair:5   | Identified the +1 scale mail of the Robin {rN+ Regen+ Dex+4
                  | Stlth-}
 12048 | Lair:5   | Reached XP level 13. HP: 72/72 MP: 18/18
 12055 | Lair:5   | Reached skill level 10 in Fighting
 12276 | Lair:5   | You fall into a shaft and drop 1 floor!
 12276 | Lair:6   | Entered Level 6 of the Lair of Beasts
 12562 | Lair:6   | Noticed a fire dragon
 12587 | Lair:6   | Reached skill level 1 in Stealth
 12669 | Lair:6   | Reached skill level 5 in Stealth
 12847 | Lair:6   | Found a shimmering altar of Xom.
 13215 | Lair:6   | Found a large runed translucent door.
 13215 | Lair:6   | Found a large runed translucent door.
 13607 | Lair:6   | Killed a fire dragon
 14028 | Lair:6   | Reached skill level 10 in Stealth
 14028 | Lair:6   | Reached XP level 14. HP: 77/77 MP: 19/19
 14412 | Orc:1    | Entered Level 1 of the Orcish Mines
 14451 | Orc:1    | Found Koritse's Jewellery Boutique.
 14753 | Orc:1    | Noticed Urug
 14760 | Orc:1    | Killed Urug
 14954 | Orc:2    | Entered Level 2 of the Orcish Mines
 15131 | Orc:2    | Reached skill level 11 in Fighting
 15173 | Orc:2    | Found a staircase to the Elven Halls.
 15173 | Orc:2    | Noticed an orc warlord
 15254 | Orc:2    | Found Wunyl's Armour Shoppe.
 15764 | Orc:2    | Noticed an orc warlord
 15872 | Orc:1    | Killed an orc warlord
 16093 | Orc:1    | Killed an orc warlord
 16860 | Orc:2    | Found Qoza's Book Boutique.
 16860 | Orc:2    | Found Adeam's Antique Weapon Boutique.
 16880 | Orc:2    | Reached skill level 12 in Fighting
 16959 | Orc:2    | Found Zutwaeru's Jewellery Shoppe.
 16959 | Orc:2    | Found Uqoel's Armour Shoppe.
 17154 | Elf:1    | Entered Level 1 of the Elven Halls
 17164 | Orc:2    | HP: 2/80 [poisoned by a +1 dire flail of venom]
 17354 | Elf:1    | Reached XP level 15. HP: 83/85 MP: 23/23
 17861 | Elf:1    | Paralysed by an orc sorcerer for 4 turns
 17962 | Orc:2    | Reached skill level 5 in Spellcasting
 18153 | Elf:1    | Reached skill level 13 in Fighting
 18362 | Elf:1    | Found an ancient bone altar of Kikubaaqudgha.
 18581 | Elf:1    | Noticed a cacodemon
 18588 | Elf:1    | Cast into level 2 of the Abyss (a deep elf demonologist)
 18711 | Abyss:2  | Found a corrupted altar of Lugonu.
 18883 | Abyss:2  | Noticed a tentacled starspawn
 18898 | Abyss:2  | Killed a tentacled starspawn
 18931 | Abyss:2  | Noticed a tentacled starspawn
 18989 | Abyss:2  | Killed a tentacled starspawn
 19096 | Abyss:2  | Noticed a bone dragon
 19105 | Abyss:2  | Noticed a tentacled starspawn
 19123 | Abyss:2  | Killed a tentacled starspawn
 19126 | Elf:1    | Escaped the Abyss
 19161 | Elf:1    | Reached skill level 14 in Fighting
 19253 | Elf:1    | Found Retesh's Armour Shop.
 19465 | Elf:1    | Reached XP level 16. HP: 93/93 MP: 26/26
 19594 | Elf:2    | Found a shimmering blue altar of Sif Muna.
 19603 | Elf:2    | Paralysed by an air elemental for 1 turns
 19607 | Elf:2    | Paralysed by an air elemental for 1 turns
 19611 | Elf:2    | Paralysed by an air elemental for 1 turns
 20021 | Elf:2    | Paralysed by an air elemental for 1 turns
 20023 | Elf:2    | Paralysed by an air elemental for 1 turns
 20025 | Elf:2    | Paralysed by an air elemental for 1 turns
 20036 | Elf:2    | Paralysed by an air elemental for 1 turns
 20295 | Elf:2    | Found a runed translucent gate.
 20296 | Elf:2    | Found a runed translucent gate.
 20296 | Elf:2    | Found a runed translucent gate.
 20803 | Elf:2    | Reached skill level 10 in Dodging
 21193 | Elf:3    | Entered Level 3 of the Elven Halls
 21427 | Elf:3    | Reached skill level 15 in Fighting
 21444 | Elf:3    | Reached XP level 17. HP: 99/99 MP: 30/30
 21469 | Elf:3    | Noticed a deep elf blademaster
 21473 | Elf:3    | Noticed a Tzitzimitl
 21481 | Elf:3    | Noticed a Tzitzimitl
 21483 | Elf:3    | Noticed a deep elf blademaster
 21484 | Elf:3    | Killed a deep elf blademaster
 21744 | Elf:3    | Killed a deep elf blademaster
 21802 | Elf:3    | Identified the +1 leather armour "Visekogg" {rPois}
 21802 | Elf:3    | Identified the ring of Binuh {rC+ Will+}
 21815 | Elf:3    | Noticed a deep elf master archer
 21822 | Elf:3    | Identified the ring "Gaixusaw" {rCorr EV+4}
 21822 | Elf:3    | Noticed a deep elf master archer
 21823 | Elf:3    | Killed a deep elf master archer
 21832 | Elf:3    | Noticed a Brimstone Fiend
 21832 | Elf:3    | Identified the +6 war axe of Dishonour {vorpal, Fly Str+3}
 21835 | Elf:3    | Identified the ring "Petsy" {EV+4 Slay+5}
 21837 | Elf:3    | Noticed an Ice Fiend
 21873 | Elf:3    | Killed a deep elf master archer
 21957 | Elf:3    | Noticed a Hell Sentinel
 22065 | Elf:3    | Noticed an Ice Fiend
 22090 | Elf:3    | Noticed an Ice Fiend
 22097 | Elf:3    | Noticed an Ice Fiend
 22384 | Elf:3    | Identified the ring of Foolhardiness {rPois rC+ Dex+6}
 22476 | Elf:3    | Identified the +1 pair of boots of Pleasant Breezes {rN+
                  | Dex+4 Stlth-}
 23079 | Elf:2    | Gained mutation: You cannot be stealthy. [Ru sacrifice]
 23248 | D:10     | Entered Level 10 of the Dungeon
 23497 | D:10     | Found a snail-covered altar of Cheibriados.
 23613 | D:10     | Found a portal to a secret trove of treasure.
 24574 | D:11     | Found an ancient bone altar of Kikubaaqudgha.
 24786 | D:12     | Found a frozen archway.
 24822 | IceCv    | Entered an ice cave
 24858 | IceCv    | Gained mutation: You are dopey. (Int -2) [Ru sacrifice]
 24858 | IceCv    | Reached ****** piety under Ru
 24990 | IceCv    | Found an ancient bone altar of Kikubaaqudgha.
 25108 | IceCv    | Reached XP level 18. HP: 105/105 MP: 32/32
 25169 | IceCv    | Identified the +8 demon blade of Pride {vamp, +Blink Str-4
                  | Dex+6}
 25177 | IceCv    | Got the Grimoire of Sinister Snow
 26602 | D:13     | Found a glowing silver altar of Zin.
 27288 | D:14     | Reached skill level 10 in Spellcasting
 27290 | D:14     | Learned a level 1 spell: Corona
 27297 | D:14     | Learned a level 6 spell: Invisibility
 27398 | D:14     | Found a stormy altar of Qazlal.
 27505 | D:14     | Identified Roxanne's Incunabulum of Stones
 27505 | D:14     | Noticed Roxanne
 27524 | D:14     | Killed Roxanne
 27525 | D:14     | Reached skill level 1 in Evocations
 27780 | D:14     | Found a gate to the Vaults.
 28176 | D:15     | Entered Level 15 of the Dungeon
 28592 | D:15     | Noticed Agnes
 28603 | D:15     | Killed Agnes
 28747 | D:15     | Found a staircase to the Depths.
 29141 | Depths:1 | Entered Level 1 of the Depths
 29229 | Depths:1 | Reached skill level 16 in Fighting
 29538 | Depths:1 | Reached XP level 19. HP: 87/109 MP: 34/34
 29657 | Depths:1 | Found a gateway to Hell.
 30121 | Depths:1 | Found an opulent altar of Gozag.
 30222 | Hell     | Entered the Vestibule of Hell
 30222 | Hell     | Noticed Geryon
 30327 | Depths:1 | HP: 5/111 [sun demon (7)]
 30535 | Depths:2 | Found a basalt altar of Yredelemnul.
 31009 | Depths:2 | Found a one-way gate to the infinite horrors of the Abyss.
 31279 | Depths:2 | Found a one-way gate leading to the halls of Pandemonium.
 32665 | Depths:3 | Found a runed translucent gate.
 32665 | Depths:3 | Found a runed translucent gate.
 32666 | Depths:3 | Found a runed translucent gate.
 32670 | Depths:3 | Noticed Amikeex's ghost (adept TrMo)
 32674 | Depths:3 | Found a viscous altar of Jiyva.
 32720 | Depths:3 | Reached XP level 20. HP: 100/109 MP: 35/35
 32722 | Depths:3 | Noticed a golden dragon
 32739 | Depths:3 | Killed a golden dragon
 32750 | Depths:3 | Reached skill level 15 in Maces & Flails
 32783 | Depths:3 | Got Sif Muna's Collected Works on Creative Earth
 32874 | Depths:3 | Noticed a golden dragon
 32952 | Depths:3 | Reached skill level 17 in Fighting
 33000 | Depths:3 | Killed a golden dragon
 33048 | Depths:3 | You fall into a shaft and drop 1 floor!
 33078 | Depths:4 | Noticed a juggernaut
 33103 | Depths:4 | Killed a juggernaut
 33122 | Depths:4 | Slain by a titan simulacrum

Illustrated notes

Levels and vault maps discovered:
D:1:      arrival_zaba_pyramid, layout_basic,
          shapermc_ecumenical_altar_mp_ritualfount, chequers_big_river
D:2:      minmay_general_purpose_star, layout_rooms
D:3:      layout_basic, nicolae_hepliaklqana_hazy_memory, lemuel_crystal_altar,
          cheibrodos_sewer_entry_bend, serial_park_tiny_2,
          minmay_misc_feat_diagonals, uniq_terence, uniq_ijyb
D:4:      layout_basic
D:5:      layout_loops_ring, xom_butterflies, makhleb_heckhound_becter,
          kennysheep_mini_moat, fedhas_altar_3, minmay_checkerbox, uniq_grinder
D:6:      layout_basic, okawaru_metal_pillars_1_2,
          mainiacjoe_overflow_small_starburst, minmay_misc_feat_rows
D:7:      layout_gridville, minmay_temple_entry_drinking_statues, serial_shops,
          shop
D:8:      layout_rooms, overflow_temple_1_default, serial_shops,
          nicolae_diamond_shop, dk_noncrumbling_4
D:9:      layout_basic, chequers_temple_overflow_statue_of_worship,
          grunt_lair_entry_orc_guard_hut, zombieorc2_lemuel, uniq_erolcha
D:10:     layout_roguey, mainiacjoe_overflow_alcove_1,
          nicolae_trove_entry_diagonal, kennysheep_generic_room_5
D:11:     lemuel_ice_spiral_2, layout_irregular_city,
          nicolae_kikubaaqudgha_miasma_corner
D:12:     layout_basic, portal_ice_cave_rime
D:13:     layout_gridville, minmay_ruined_shrine
D:14:     layout_loops_corners, grunt_vaults_entry_tiered,
          infiniplex_staircase_zigzag_1, nicolae_qazlal_eye_of_the_storm,
          uniq_roxanne
D:15:     grunt_enter_depths_hoard, layout_irregular_city,
          minmay_misc_feat_enclosed, uniq_agnes
Temple:   nicolae_temple_figure_zero
Lair:1:   statuecave_lemuel, layout_cave_shapes
Lair:2:   layout_cave_shapes, minmay_lindwurm_lava, uniq_fannar
Lair:3:   layout_cave_pods, disabler_island, grunt_megastairs_1
Lair:4:   beast_lair_carwin_large_4, layout_long_grid,
          minmay_shoals_entry_lonely_mermaid, nicolae_spider_entry_orb_guardian,
          cheibrodos_lair_lostbears
Lair:5:   minmay_lair_oklob_tunnel, layout_small_grid,
          dpeg_slime_entry_enclosed_altar, ebering_ghost_disaster_area,
          st_stairs_13
Lair:6:   cheibrodos_lair_end_hotspot, layout_cave_pods, basic_altar
Orc:1:    layout_diamond_mine, serial_shops, shop, mines2_lemuel, uniq_urug
Orc:2:    st_orc_elflike, layout_diamond_mine, basic_altar, serial_shops,
          shop_fountains, guppyfry_orc_lava_fort
Elf:1:    layout_loops_corners, basic_altar, serial_shops,
          nicolae_shop_window_shopping, hangedman_elf_represent
Elf:2:    nicolae_elf_blades_crystal_corner, layout_gridlike,
          infiniplex_enter_wizlab_glasses, basic_altar
Elf:3:    minmay_elf_hall_not_hex, layout_geoelf_octagon, lemuel_flamethrower_3
Depths:1: layout_basic, patterned_corridor, hell_entry,
          nicolae_gozag_cash_rules_everything_around_me, grunt_megastairs_5
Depths:2: kennysheep_funnel, layout_gridville, hellmouth_3, abyss_entry_crystal,
          kennysheep_donut, rand_demon_pan_entry_1, grunt_ministairs_1,
          yredelemnul_altar_generic, infiniplex_staircase_pool_2
Depths:3: minmay_the_grid_3x2 [minmay_the_grid_dragon_a, minmay_the_grid_mess,
          minmay_the_grid_aliased_spiral, minmay_the_grid_rooms,
          minmay_the_grid_holed_spiral, minmay_the_grid_prize_inner_circle],
          layout_honeycomb, hangedman_tar_grid_catacomb, pan_entry,
          gammafunk_ghost_ooze, serial_shops, nicolae_inconvenience_store
Depths:4: lemuel_river_lethe, hell_entry, abyss_entry
Hell

Skill      XL: |  1  2  3  4  5  6  7  8  9 10 11 12 13 14 15 16 17 18 19 20 |
---------------+-------------------------------------------------------------+-----
Maces & Flails | 2 3 4 5 6 8 9 10 11 12 13 14 15 | 15.4
Fighting       | 3 4 5 6 7 9 10 12 14 15 16 17 | 17.2
Shields        | 3 4 5 6 7 0 |  0.0
Armour         | 3 4 6 7 8 10 11 12 13 14 | 14.9
Dodging        | 6 7 8 9 10 11 12 13 | 13.2
Spellcasting   | 2 4 6 8 9 10 | 10.0
Transmutations | 0 |  0.0
Stealth        | 10 12 13 14 0 |  0.0
Evocations     | 4 |  4.5
Hexes          | |  0.4

Action                   |  1- 3 |  4- 6 |  7- 9 | 10-12 | 13-15 | 16-18 | 19-21 || total
-------------------------+-------+-------+-------+-------+-------+-------+-------++-------
Melee: Flail             |   105 |    16 |   159 |   393 |       |       |       ||   673
       Bite              |    24 |    75 |   130 |   276 |   321 |   466 |   299 ||  1591
       Morningstar       |       |   201 |    89 |       |       |       |       ||   290
       Eveningstar       |       |       |       |   108 |   684 |   882 |   465 ||  2139
       Demon whip        |       |       |       |       |       |       |    20 ||    20
Invok: Sacrifice Drink   |       |       |     1 |       |       |       |       ||     1
       Sacrifice a Hand  |       |       |       |     1 |       |       |       ||     1
       Sacrifice Arcana  |       |       |       |     1 |       |       |       ||     1
       Draw Out Power    |       |       |       |       |     1 |     6 |     8 ||    15
       Apocalypse        |       |       |       |       |       |     1 |     2 ||     3
       Sacrifice Purity  |       |       |       |       |       |     1 |       ||     1
       Sacrifice Stealth |       |       |       |       |       |     1 |       ||     1
       Power Leap        |       |       |       |       |       |       |     3 ||     3
Evoke: Wand              |       |       |       |       |       |       |     1 ||     1
  Use: Potion            |       |     3 |       |       |       |       |       ||     3
       Scroll            |       |       |     9 |    11 |    10 |     5 |     8 ||    43
 Stab: Distracted        |       |       |       |     4 |     8 |    10 |     3 ||    25
       Invisible         |       |       |       |     2 |     6 |    12 |    10 ||    30
       Sleeping          |       |       |       |       |     5 |     8 |       ||    13
       Paralysed         |       |       |       |       |     1 |     2 |     4 ||     7
Armor: Scale mail        |    49 |   134 |    89 |   192 |   174 |   207 |   125 ||   970
Dodge: Dodged            |    40 |    99 |    67 |   215 |   415 |   670 |   454 ||  1960
Block: Kite shield       |    69 |   167 |   163 |   136 |       |       |       ||   535
